 Dungeon Crawl Stone Soup version 0.31-a0-161-gb58dd9be76 (webtiles) character file.

Game seed: 10425054740318294169

8558 qw the Skirmisher (level 11, -5/103 HPs)
             Began as a Naga Hunter on June 12, 2023.
             Was a Believer of Okawaru.
             Slain by an efreet
             ... wielding a +2 scimitar of flaming
              (12 damage)
             ... on level 10 of the Dungeon.
             The game lasted 00:03:41 (8486 turns).

qw the Skirmisher (Naga Hunter)                     Turns: 8486, Time: 00:03:42

Health: -5/103     AC:  6    Str: 15    XL:     11   Next: 32%
Magic:  13/14      EV: 17    Int:  8    God:    Okawaru [**....]
Gold:   495        SH:  5    Dex: 25    Spells: 10/10 levels left

rFire   + . .        f - +0 orcbow
rCold   + . .        (shield currently unavailable)
rNeg    + . .        i - +0 troll leather armour
rPois   +            c - +0 hat "Liucirah" {Will+ Str+2 Dex+2}
rElec   +            (no cloak)
rCorr   .            (no gloves)
SInv    +            (no barding)
Will    ++...        h - amulet "Houng" {Reflect rC+ rN+ Slay+4 SH+5}
Stlth   ++++         (no ring)
HPRegen 1.17/turn    (no ring)
MPRegen 0.14/turn

%: reflection
@: about to teleport, short of breath, heroic, very slow
A: AC +3, large, see invisible, deformed body, poison resistance, slowness 2,
spit poison 1, naga tail 1, agile 1, fire resistance 1, electricity resistance
a: Spit Poison, Renounce Religion, Heroism


You were on level 10 of the Dungeon.
You worshipped Okawaru.
Okawaru was pleased with you.
You visited 1 branch of the dungeon, and saw 10 of its levels.

You collected 495 gold pieces.


Innate Abilities, Weirdness & Mutations

Your serpentine skin is tough. (AC +3)
You have supernaturally acute eyesight. (SInv)
Armour fits poorly on your strangely shaped body.
Your system is resistant to poisons. (rPois)
You cover ground very slowly.
You can spit poison.
You have a snake-like lower body.
You are agile. (Dex +4, Str/Int -1)
Your flesh is heat resistant. (rF+)
You are resistant to electric shocks. (rElec)


   Skills:
 - Level 8.1(13.1) Fighting
 + Level 12.9(17.9) Ranged Weapons
 - Level 2.0(7.0) Armour
 - Level 5.0(10.0) Dodging
 - Level 1.5(6.5) Stealth
 - Level 4.0 Invocations


You had 10 spell levels left.
You didn't know any spells.
Your spell library was empty.

Inventory:

Hand Weapons
 f - a +0 orcbow (weapon)
Armour
 c - the +0 hat "Liucirah" (worn) {Will+ Str+2 Dex+2}
   (You found it on level 8 of the Dungeon)

   Str:       It affects your strength (+2).
   Dex:       It affects your dexterity (+2).
   Will:      It increases your willpower.
 i - a +0 troll leather armour (worn)
Jewellery
 h - the amulet "Houng" (around neck) {Reflect rC+ rN+ Slay+4 SH+5}
   (You found it on level 3 of the Dungeon)

   [amulet of reflection]

   It reflects blocked missile attacks.
   Slay:      It affects your accuracy & damage with ranged weapons and melee
   (+4).
   rC:        It protects you from cold.
   rN:        It protects you from negative energy.
   SH:        It affects your SH (+5).
Scrolls
 a - a scroll of identify
 j - 3 scrolls of teleportation
Potions
 b - 3 potions of might
 d - 2 potions of magic
 e - 6 potions of curing
 k - a potion of heal wounds {unknown}
 l - a potion of resistance {unknown}

Dungeon Overview and Level Annotations

Branches:
Dungeon (10/15)            Temple (0/1) D:5
   Lair: D:8-11         Orc: D:9-12

Altars:
Ashenzari
Dithmenos
Gozag
Kikubaaqudgha
Makhleb
Nemelex Xobeh
Okawaru
Ru
Sif Muna
Trog
Wu Jian
Xom

Annotations:
D:5 1 runed translucent door, Crazy Yiuf
D:10 Snorg


Message History

The efreet misses you.
You shoot an arrow. The arrow hits the tengu conjurer!
You kill the tengu conjurer!
Okawaru accepts your kill.
The battlesphere dissipates.
You shoot an arrow. The arrow hits the efreet!
The efreet is moderately wounded.
You block the efreet's attack.
You shoot an arrow. The arrow hits the efreet.
The efreet is moderately wounded.
The efreet closely misses you.
You shoot an arrow.
The arrow hits the efreet but does no damage.
The efreet is moderately wounded.
You have got your breath back.
8483 ||| INVOKING Spit Poison.
Aiming: Spit Poison (1% risk of failure)
Press: ? - help, Shift-Dir - straight line, f - deep elf pyromancer, p - efreet The splash of poison hits the deep elf pyromancer!
The deep elf pyromancer is moderately wounded.
The deep elf pyromancer barely misses you.
The efreet gestures at you. The bolt of fire hits you. You resist.
You shoot an arrow.
The arrow hits the deep elf pyromancer but does no damage.
The deep elf pyromancer is moderately wounded.
The deep elf pyromancer misses you.
The efreet hits you with a +2 scimitar of flaming!
The efreet burns you.
8485 ||| READING 4 scrolls of teleportation.
As you read the scroll of teleportation, it crumbles to dust.
You feel strangely unstable.
The deep elf pyromancer mumbles some strange words.
The deep elf pyromancer blinks!
The efreet gestures at you. The bolt of fire hits you! You resist.
You shoot an arrow. The arrow hits the efreet.
The efreet is heavily wounded.
The efreet hits you with a +2 scimitar of flaming!
You die...

#### ...###
..# ....#...#
...##..#
#...#..# #.
#...#..#
..).#.@.#..#
..:....R¤#..#
.[..#..#..e.#
... #..#...##
## ....#..##
.......##..#
^...####...#
...........#
##.......#


You could see a deep elf pyromancer and an efreet.

Vanquished Creatures
  Pikel (D:4)
  A gargoyle (D:10)
  Maggie (D:7)
  A tengu conjurer (D:10)
  A troll (D:9)
  A slime creature (D:10)
  Grinder (D:6)
  Sigmund (D:3)
  7 wraiths
  4 yaks (D:9)
  A wyvern (D:7)
  3 steam dragons
  An acid dragon (D:9)
  Edmund (D:5)
  2 water moccasins
  2 orc warriors
  2 ice beasts
  An ogre (D:4)
  4 black bears
  A lemure (D:4)
  A phantom (D:4)
  A kobold brigand (D:9)
  2 centaurs
  2 bullfrogs (D:7)
  2 scorpions
  7 wights
  15 killer bees
  3 howler monkeys
  A quasit (D:4)
  4 orc priests
  2 hounds
  A jelly (D:5)
  Ijyb (D:5)
  8 iguanas
  3 sleepcaps
  7 orc wizards
  Robin (D:3)
  6 adders
  6 shadow imps
  5 white imps
  5 ufetubi
  4 worms
  2 dart slugs
  21 orcs
  3 endoplasms
  A giant cockroach (D:2)
  19 goblins
  7 hobgoblins
  6 jackals (D:1)
  A quokka (D:1)
  7 ball pythons
  2 bats
  2 frilled lizards
  12 kobolds
  4 rats
211 creatures vanquished.

Vanquished Creatures (others)
  Josephine (D:10)
1 creature vanquished.

Grand Total: 212 creatures vanquished

Notes
Turn   | Place    | Note
-------+----------+-------------------------------------------
     0 | D:1      | qw the Naga Hunter began the quest for the Orb.
     0 | D:1      | Reached XP level 1. HP: 19/19 MP: 1/1
     0 | D:1      | 0 ||| qw: Version: 0.2-a-29-gc1b59c4
     0 | D:1      | 0 ||| qw: Game counter: 4175
     0 | D:1      | 0 ||| qw: Always use a shield: true
     0 | D:1      | 0 ||| qw: God list: Okawaru
     0 | D:1      | 0 ||| qw: Allow faded altars: false
     0 | D:1      | 0 ||| qw: Do Orc after D:15 true
     0 | D:1      | 0 ||| qw: Do second Lair branch before Depths: true
     0 | D:1      | 0 ||| qw: Lair rune preference: random
     0 | D:1      | 0 ||| qw: Plans: Normal
     0 | D:1      | 0 ||| PLANNING D:1-11
    34 | D:1      | 34 ||| INVOKING Spit Poison.
    39 | D:1      | 39 ||| INVOKING Spit Poison.
   101 | D:1      | 101 ||| INVOKING Spit Poison.
   117 | D:1      | 117 ||| INVOKING Spit Poison.
   122 | D:1      | 122 ||| INVOKING Spit Poison.
   190 | D:1      | 190 ||| INVOKING Spit Poison.
   191 | D:1      | Reached skill level 4 in Ranged Weapons
   191 | D:1      | Reached XP level 2. HP: 26/26 MP: 2/2
   196 | D:1      | 196 ||| INVOKING Spit Poison.
   234 | D:1      | 234 ||| INVOKING Spit Poison.
   237 | D:1      | 237 ||| INVOKING Spit Poison.
   340 | D:1      | 340 ||| INVOKING Spit Poison.
   344 | D:1      | 344 ||| INVOKING Spit Poison.
   348 | D:1      | 348 ||| INVOKING Spit Poison.
   414 | D:1      | 414 ||| INVOKING Spit Poison.
   476 | D:1      | 476 ||| INVOKING Spit Poison.
   500 | D:1      | 500 ||| INVOKING Spit Poison.
   575 | D:1      | 575 ||| READING 3 scrolls labelled WUONGO BUTUFAO.
   576 | D:1      | 576 ||| READING 2 scrolls labelled MUTHAL XOSTEUZI.
   577 | D:1      | 577 ||| READING 2 scrolls labelled NANEAL EMAOTUO.
   581 | D:1      | 581 ||| DRINKING 2 fizzy purple potions.
   582 | D:1      | 582 ||| DROPPING scroll of butterflies.
   583 | D:1      | 583 ||| DROPPING scroll of noise.
   584 | D:1      | 584 ||| DROPPING potion of degeneration.
   592 | D:2      | Reached XP level 3. HP: 32/32 MP: 3/3
   596 | D:2      | 596 ||| INVOKING Spit Poison.
   664 | D:2      | 664 ||| INVOKING Spit Poison.
   699 | D:2      | 699 ||| INVOKING Spit Poison.
   711 | D:2      | 711 ||| INVOKING Spit Poison.
   787 | D:2      | 787 ||| INVOKING Spit Poison.
   941 | D:2      | 941 ||| READING 2 scrolls labelled MAMEPS ZEPLA.
   942 | D:2      | 942 ||| READING scroll labelled UGOPICS LEAP.
   943 | D:2      | 943 ||| DRINKING 2 ruby potions.
   944 | D:2      | 944 ||| READING 4 scrolls of identify.
   944 | D:2      | 944 ||| IDENTIFYING sedimented black potion
   945 | D:2      | 945 ||| READING 3 scrolls of identify.
   945 | D:2      | 945 ||| IDENTIFYING glowing coppery potion
   946 | D:2      | 946 ||| READING 2 scrolls of identify.
   946 | D:2      | 946 ||| IDENTIFYING silvery potion
   947 | D:2      | 947 ||| DROPPING scroll of immolation.
   948 | D:2      | 948 ||| DROPPING potion of berserk rage.
   949 | D:2      | 949 ||| DROPPING potion of ambrosia.
   984 | D:3      | 984 ||| INVOKING Spit Poison.
   994 | D:3      | 994 ||| INVOKING Spit Poison.
  1001 | D:3      | 1001 ||| INVOKING Spit Poison.
  1001 | D:3      | Noticed Robin
  1006 | D:3      | HP: 7/32 [goblin/+0 club[Robin] (3)]
  1007 | D:3      | 1007 ||| READING 2 scrolls of teleportation.
  1007 | D:3      | HP: 2/32 [goblin/+0 club[Robin] (5)]
  1008 | D:3      | 1008 ||| INVOKING Spit Poison.
  1275 | D:3      | Noticed Sigmund
  1277 | D:3      | 1277 ||| INVOKING Spit Poison.
  1284 | D:3      | 1284 ||| INVOKING Spit Poison.
  1284 | D:3      | Killed Sigmund
  1285 | D:3      | Reached skill level 6 in Ranged Weapons
  1285 | D:3      | Reached XP level 4. HP: 24/39 MP: 4/4
  1285 | D:3      | Reached XP level 5. HP: 28/45 MP: 5/5
  1356 | D:3      | Identified the amulet "Houng" {Reflect rC+ rN+ Slay+4 SH+5}
  1370 | D:3      | 1370 ||| INVOKING Spit Poison.
  1395 | D:3      | 1395 ||| INVOKING Spit Poison.
  1400 | D:3      | Killed Robin
  1401 | D:3      | Reached XP level 6. HP: 39/52 MP: 6/6
  1401 | D:3      | 1401 ||| INVOKING Spit Poison.
  1418 | D:3      | 1418 ||| INVOKING Spit Poison.
  1472 | D:3      | 1472 ||| INVOKING Spit Poison.
  1476 | D:3      | 1476 ||| INVOKING Spit Poison.
  1479 | D:3      | 1479 ||| INVOKING Spit Poison.
  1486 | D:3      | 1486 ||| INVOKING Spit Poison.
  1570 | D:3      | Found a shimmering blue altar of Sif Muna.
  1582 | D:3      | 1582 ||| INVOKING Spit Poison.
  1620 | D:3      | 1620 ||| INVOKING Spit Poison.
  1636 | D:3      | 1636 ||| INVOKING Spit Poison.
  1664 | D:3      | 1664 ||| INVOKING Spit Poison.
  1669 | D:3      | 1669 ||| INVOKING Spit Poison.
  1672 | D:3      | 1672 ||| INVOKING Spit Poison.
  1741 | D:3      | 1741 ||| INVOKING Spit Poison.
  1833 | D:3      | 1833 ||| INVOKING Spit Poison.
  2069 | D:3      | Found a burning altar of Makhleb.
  2077 | D:3      | 2077 ||| INVOKING Spit Poison.
  2151 | D:3      | 2151 ||| UPGRADING to +0 helmet.
  2156 | D:3      | 2156 ||| UPGRADING to amulet "Houng" {Reflect rC+ rN+
                  | Slay+4 SH+5}.
  2161 | D:3      | 2161 ||| DROPPING ring of magical power.
  2162 | D:3      | 2162 ||| READING scroll labelled FAM CERAKICAO.
  2163 | D:3      | 2163 ||| READING scroll labelled FUPRUR IFUHUT.
  2164 | D:3      | 2164 ||| DRINKING 2 bubbling pink potions.
  2165 | D:3      | 2165 ||| DROPPING potion of brilliance.
  2218 | D:4      | 2218 ||| PLANNING SEWER
  2235 | D:4      | 2235 ||| INVOKING Spit Poison.
  2236 | D:4      | Reached skill level 3 in Fighting
  2238 | D:4      | Noticed a black bear
  2241 | D:4      | 2241 ||| INVOKING Spit Poison.
  2244 | D:4      | 2244 ||| INVOKING Spit Poison.
  2246 | D:4      | Killed a black bear
  2247 | D:4      | Reached XP level 7. HP: 66/66 MP: 7/7
  2251 | D:4      | 2251 ||| INVOKING Spit Poison.
  2258 | D:4      | 2258 ||| INVOKING Spit Poison.
  2410 | D:4      | 2410 ||| INVOKING Spit Poison.
  2431 | D:4      | 2431 ||| INVOKING Spit Poison.
  2435 | D:4      | 2435 ||| INVOKING Spit Poison.
  2458 | D:4      | 2458 ||| INVOKING Spit Poison.
  2472 | D:4      | 2472 ||| INVOKING Spit Poison.
  2478 | D:4      | 2478 ||| INVOKING Spit Poison.
  2585 | D:4      | 2585 ||| INVOKING Spit Poison.
  2637 | D:4      | Reached skill level 7 in Ranged Weapons
  2759 | D:4      | 2759 ||| RIP SEWER
  2768 | D:4      | 2768 ||| PLANNING D:1-11
  2926 | D:4      | 2926 ||| INVOKING Spit Poison.
  2967 | D:4      | 2967 ||| INVOKING Spit Poison.
  2972 | D:4      | 2972 ||| INVOKING Spit Poison.
  3011 | D:4      | 3011 ||| INVOKING Spit Poison.
  3017 | D:4      | 3017 ||| INVOKING Spit Poison.
  3026 | D:4      | 3026 ||| READING scroll labelled MERHAG LIHA.
  3116 | D:4      | 3116 ||| READING scroll labelled CISIEC ETAGUUM.
  3117 | D:4      | 3117 ||| DRINKING 2 grey potions.
  3118 | D:4      | 3118 ||| DROPPING potion of attraction.
  3122 | D:4      | 3122 ||| INVOKING Spit Poison.
  3127 | D:4      | 3127 ||| INVOKING Spit Poison.
  3196 | D:4      | 3196 ||| INVOKING Spit Poison.
  3205 | D:4      | Found an iron altar of Okawaru.
  3206 | D:4      | 3206 ||| PLANNING OKAWARU WORSHIP
  3213 | D:4      | Became a worshipper of Warmaster Okawaru
  3213 | D:4      | 3213 ||| PLANNING D:1-11
  3307 | D:5      | Entered Level 5 of the Dungeon
  3310 | D:5      | 3310 ||| INVOKING Spit Poison.
  3312 | D:5      | Noticed Pikel
  3313 | D:5      | 3313 ||| INVOKING Spit Poison.
  3316 | D:5      | 3316 ||| STAIRDANCE
  3318 | D:4      | 3318 ||| INVOKING Spit Poison.
  3321 | D:4      | 3321 ||| INVOKING Spit Poison.
  3325 | D:4      | HP: 6/66 [Pikel/+2 whip of flaming (11)]
  3325 | D:4      | HP: 1/66 [Pikel/+2 whip of flaming (5)]
  3326 | D:4      | 3326 ||| READING scroll of teleportation.
  3327 | D:4      | 3327 ||| INVOKING Spit Poison.
  3328 | D:4      | 3328 ||| INVOKING Spit Poison.
  3334 | D:4      | 3334 ||| INVOKING Spit Poison.
  3338 | D:4      | 3338 ||| INVOKING Spit Poison.
  3338 | D:4      | Killed Pikel
  3338 | D:4      | Reached * piety under Okawaru
  3339 | D:4      | Reached skill level 8 in Ranged Weapons
  3339 | D:4      | Reached XP level 8. HP: 6/73 MP: 8/8
  3558 | D:5      | 3558 ||| INVOKING Spit Poison.
  3562 | D:5      | 3562 ||| INVOKING Spit Poison.
  3564 | D:5      | 3564 ||| STAIRDANCE
  3567 | D:4      | 3567 ||| INVOKING Heroism.
  3568 | D:4      | 3568 ||| INVOKING Spit Poison.
  3569 | D:4      | Reached skill level 1 in Invocations
  3667 | D:5      | 3667 ||| INVOKING Spit Poison.
  3668 | D:5      | 3668 ||| STAIRDANCE
  3670 | D:4      | 3670 ||| INVOKING Heroism.
  3675 | D:4      | 3675 ||| INVOKING Spit Poison.
  3785 | D:5      | 3785 ||| STAIRDANCE
  3787 | D:4      | 3787 ||| INVOKING Spit Poison.
  3840 | D:5      | Found an ornate altar of the Wu Jian Council.
  3846 | D:5      | 3846 ||| INVOKING Spit Poison.
  3852 | D:5      | 3852 ||| INVOKING Spit Poison.
  3894 | D:5      | Noticed Ijyb
  3895 | D:5      | 3895 ||| INVOKING Heroism.
  3899 | D:5      | 3899 ||| INVOKING Spit Poison.
  3902 | D:5      | Killed Ijyb
  3903 | D:5      | Reached skill level 9 in Ranged Weapons
  3939 | D:5      | Found a staircase to the Ecumenical Temple.
  4023 | D:5      | 4023 ||| INVOKING Spit Poison.
  4030 | D:5      | Reached skill level 1 in Armour
  4061 | D:5      | Noticed Edmund
  4062 | D:5      | 4062 ||| INVOKING Spit Poison.
  4067 | D:5      | 4067 ||| INVOKING Spit Poison.
  4069 | D:5      | Killed Edmund
  4248 | D:5      | Reached XP level 9. HP: 64/82 MP: 10/10
  4309 | D:5      | 4309 ||| INVOKING Spit Poison.
  4328 | D:5      | 4328 ||| INVOKING Spit Poison.
  4334 | D:5      | 4334 ||| INVOKING Spit Poison.
  4336 | D:5      | Reached skill level 3 in Invocations
  4339 | D:5      | 4339 ||| INVOKING Spit Poison.
  4365 | D:5      | 4365 ||| INVOKING Spit Poison.
  4390 | D:5      | 4390 ||| INVOKING Spit Poison.
  4426 | D:5      | Found a runed translucent door.
  4427 | D:5      | Noticed Crazy Yiuf
  4638 | D:5      | 4638 ||| DROPPING amulet of reflection.
  4639 | D:5      | 4639 ||| READING scroll labelled GOT INWIYN.
  4640 | D:5      | 4640 ||| READING 2 scrolls of identify.
  4640 | D:5      | 4640 ||| IDENTIFYING fizzy grey potion
  4688 | D:6      | 4688 ||| INVOKING Spit Poison.
  4888 | D:6      | 4888 ||| INVOKING Spit Poison.
  4889 | D:6      | 4889 ||| INVOKING Heroism.
  4891 | D:6      | 4891 ||| Stepping ~*~*~tactically~*~*~ (outnumbered).
  4892 | D:6      | 4892 ||| INVOKING Spit Poison.
  4895 | D:6      | Reached skill level 3 in Dodging
  4896 | D:6      | 4896 ||| INVOKING Spit Poison.
  4902 | D:6      | 4902 ||| INVOKING Spit Poison.
  4906 | D:6      | 4906 ||| INVOKING Spit Poison.
  5204 | D:6      | 5204 ||| INVOKING Spit Poison.
  5208 | D:6      | Reached skill level 6 in Fighting
  5240 | D:6      | Noticed Grinder
  5242 | D:6      | 5242 ||| INVOKING Heroism.
  5247 | D:6      | Killed Grinder
  5280 | D:6      | 5280 ||| READING scroll labelled VOUSCHI DEXZIE.
  5281 | D:6      | 5281 ||| READING scroll labelled PESMISK EHEMI.
  5282 | D:6      | 5282 ||| DRINKING 2 emerald potions.
  5282 | D:6      | Gained mutation: You have a somewhat thin skeletal
                  | structure. (Dex +2, Stealth+) [potion of mutation]
  5282 | D:6      | Gained mutation: You are vulnerable to heat. (rF-) [potion
                  | of mutation]
  5282 | D:6      | Gained mutation: Your mind is acute. (Int +4, Str/Dex -1)
                  | [potion of mutation]
  5282 | D:6      | Gained mutation: You are resistant to electric shocks.
                  | (rElec) [potion of mutation]
  5283 | D:6      | 5283 ||| DRINKING potion of mutation.
  5283 | D:6      | Lost mutation: Your mind is acute. (Int +4, Str/Dex -1)
                  | [potion of mutation]
  5283 | D:6      | Lost mutation: You have a somewhat thin skeletal structure.
                  | (Dex +2, Stealth+) [potion of mutation]
  5283 | D:6      | Lost mutation: You are vulnerable to heat. (rF-) [potion of
                  | mutation]
  5283 | D:6      | Gained mutation: Your flesh is heat resistant. (rF+)
                  | [potion of mutation]
  5283 | D:6      | Gained mutation: You are agile. (Dex +4, Str/Int -1)
                  | [potion of mutation]
  5284 | D:6      | 5284 ||| DRINKING 2 black potions.
  5285 | D:6      | 5285 ||| DROPPING potion of enlightenment.
  5330 | D:7      | 5330 ||| INVOKING Spit Poison.
  5379 | D:7      | 5379 ||| INVOKING Heroism.
  5380 | D:7      | 5380 ||| INVOKING Spit Poison.
  5482 | D:7      | Found a broken altar of Ashenzari.
  5482 | D:7      | Found a bloodstained altar of Trog.
  5497 | D:7      | 5497 ||| INVOKING Spit Poison.
  5500 | D:7      | 5500 ||| INVOKING Heroism.
  5506 | D:7      | Reached skill level 10 in Ranged Weapons
  5506 | D:7      | 5506 ||| INVOKING Spit Poison.
  5522 | D:7      | 5522 ||| INVOKING Spit Poison.
  5525 | D:7      | 5525 ||| INVOKING Heroism.
  5603 | D:7      | 5603 ||| INVOKING Spit Poison.
  5650 | D:7      | Noticed Maggie
  5653 | D:7      | 5653 ||| INVOKING Spit Poison.
  5658 | D:7      | 5658 ||| INVOKING Spit Poison.
  5660 | D:7      | 5660 ||| INVOKING Heroism.
  5665 | D:7      | 5665 ||| INVOKING Spit Poison.
  5669 | D:7      | 5669 ||| INVOKING Spit Poison.
  5672 | D:7      | Killed Maggie
  5929 | D:7      | 5929 ||| INVOKING Spit Poison.
  5932 | D:7      | Reached XP level 10. HP: 94/94 MP: 13/13
  5935 | D:7      | 5935 ||| INVOKING Spit Poison.
  6120 | D:7      | 6120 ||| INVOKING Spit Poison.
  6123 | D:7      | 6123 ||| INVOKING Heroism.
  6212 | D:7      | 6212 ||| UPGRADING to +0 steam dragon scales.
  6222 | D:7      | 6222 ||| DROPPING +0 leather armour.
  6223 | D:7      | 6223 ||| UPGRADING to +2 steam dragon scales.
  6233 | D:7      | 6233 ||| DROPPING +0 steam dragon scales.
  6234 | D:7      | 6234 ||| DROPPING amulet of magic regeneration.
  6261 | D:8      | 6261 ||| INVOKING Spit Poison.
  6272 | D:8      | 6272 ||| INVOKING Spit Poison.
  6277 | D:8      | 6277 ||| INVOKING Spit Poison.
  6278 | D:8      | 6278 ||| INVOKING Heroism.
  6282 | D:8      | 6282 ||| INVOKING Spit Poison.
  6288 | D:8      | HP: 23/94 [poisoned by a killer bee]
  6289 | D:8      | 6289 ||| READING 4 scrolls of teleportation.
  6290 | D:8      | 6290 ||| INVOKING Spit Poison.
  6292 | D:8      | HP: 7/94 [killer bee (5)]
  6294 | D:8      | HP: 3/94 [poisoned by a killer bee]
  6295 | D:8      | Found an ornate altar of the Wu Jian Council.
  6295 | D:8      | Found a hide-covered altar of Uskayaw.
  6295 | D:8      | Found a shimmering altar of Xom.
  6295 | D:8      | Found an ancient bone altar of Kikubaaqudgha.
  6295 | D:8      | Found a shimmering altar of Xom.
  6295 | D:8      | Found a shadowy altar of Dithmenos.
  6579 | D:8      | 6579 ||| INVOKING Heroism.
  6580 | D:8      | 6580 ||| INVOKING Spit Poison.
  6589 | D:8      | 6589 ||| INVOKING Spit Poison.
  6620 | D:8      | 6620 ||| INVOKING Spit Poison.
  6685 | D:8      | 6685 ||| INVOKING Spit Poison.
  6689 | D:8      | 6689 ||| INVOKING Spit Poison.
  6704 | D:8      | Identified the +0 hat "Liucirah" {Will+ Str+2 Dex+2}
  6707 | D:8      | Found an opulent altar of Gozag.
  6739 | D:8      | 6739 ||| INVOKING Spit Poison.
  6739 | D:8      | Reached ** piety under Okawaru
  6740 | D:8      | Reached skill level 11 in Ranged Weapons
  6749 | D:8      | 6749 ||| INVOKING Heroism.
  6750 | D:8      | 6750 ||| INVOKING Spit Poison.
  6756 | D:8      | 6756 ||| INVOKING Spit Poison.
  6824 | D:8      | 6824 ||| INVOKING Spit Poison.
  6846 | D:8      | 6846 ||| INVOKING Spit Poison.
  6896 | D:8      | 6896 ||| SWAPPING to +0 orcbow.
  6897 | D:8      | 6897 ||| DROPPING +1 shortbow.
  6925 | D:8      | 6925 ||| INVOKING Spit Poison.
  7280 | D:8      | 7280 ||| UPGRADING to +0 hat "Liucirah" {Will+ Str+2
                  | Dex+2}.
  7290 | D:8      | 7290 ||| DROPPING +0 helmet.
  7369 | D:9      | 7369 ||| INVOKING Heroism.
  7372 | D:9      | 7372 ||| INVOKING Spit Poison.
  7410 | D:9      | Found a sacrificial altar of Ru.
  7595 | D:9      | 7595 ||| INVOKING Heroism.
  7596 | D:9      | 7596 ||| INVOKING Spit Poison.
  7607 | D:9      | 7607 ||| INVOKING Spit Poison.
  7612 | D:9      | 7612 ||| INVOKING Spit Poison.
  7677 | D:9      | 7677 ||| INVOKING Spit Poison.
  7684 | D:9      | 7684 ||| INVOKING Spit Poison.
  7689 | D:9      | 7689 ||| Stepping ~*~*~tactically~*~*~ (outnumbered).
  7691 | D:9      | 7691 ||| INVOKING Spit Poison.
  7698 | D:9      | 7698 ||| INVOKING Spit Poison.
  7700 | D:9      | 7700 ||| INVOKING Heroism.
  7727 | D:9      | 7727 ||| INVOKING Heroism.
  7728 | D:9      | 7728 ||| INVOKING Spit Poison.
  7751 | D:9      | 7751 ||| INVOKING Spit Poison.
  7767 | D:9      | 7767 ||| INVOKING Spit Poison.
  7906 | D:9      | Identified the +3 leather armour of Syrchyn {Stlth+}
  7916 | D:9      | Reached XP level 11. HP: 103/103 MP: 14/14
  8034 | D:9      | 8034 ||| INVOKING Spit Poison.
  8218 | D:9      | 8218 ||| UPGRADING to +0 troll leather armour.
  8228 | D:9      | 8228 ||| DROPPING +2 steam dragon scales.
  8229 | D:9      | 8229 ||| DROPPING +3 leather armour of Syrchyn {Stlth+}.
  8241 | D:10     | Entered Level 10 of the Dungeon
  8243 | D:10     | Noticed Josephine
  8248 | D:10     | Reached skill level 12 in Ranged Weapons
  8251 | D:10     | Reached *** piety under Okawaru
  8252 | D:10     | 8252 ||| INVOKING Spit Poison.
  8258 | D:10     | 8258 ||| INVOKING Spit Poison.
  8260 | D:10     | 8260 ||| INVOKING Heroism.
  8261 | D:10     | Killed Josephine
  8265 | D:10     | 8265 ||| INVOKING Spit Poison.
  8272 | D:10     | 8272 ||| INVOKING Spit Poison.
  8324 | D:10     | Found a sparkling altar of Nemelex Xobeh.
  8337 | D:10     | Noticed Snorg
  8338 | D:10     | 8338 ||| INVOKING Heroism.
  8339 | D:10     | 8339 ||| INVOKING Spit Poison.
  8345 | D:10     | 8345 ||| INVOKING Spit Poison.
  8354 | D:10     | HP: 22/103 [Snorg (15)]
  8355 | D:10     | 8355 ||| READING 5 scrolls of teleportation.
  8356 | D:10     | 8356 ||| INVOKING Spit Poison.
  8357 | D:10     | 8357 ||| INVOKING Heroism.
  8463 | D:10     | Found the +10 dark maul {heavy}
  8465 | D:10     | Found the +18 shield of the Gong {Loud rN+ Will+ rCorr
                  | EV-5}
  8467 | D:10     | Noticed a deep elf pyromancer
  8468 | D:10     | 8468 ||| Stepping ~*~*~tactically~*~*~ (outnumbered).
  8471 | D:10     | 8471 ||| INVOKING Spit Poison.
  8475 | D:10     | 8475 ||| INVOKING Heroism.
  8477 | D:10     | 8477 ||| INVOKING Spit Poison.
  8483 | D:10     | 8483 ||| INVOKING Spit Poison.
  8484 | D:10     | HP: 20/103 [efreet/+2 scimitar of flaming (14)]
  8485 | D:10     | 8485 ||| READING 4 scrolls of teleportation.
  8485 | D:10     | HP: 6/103 [efreet/bolt of fire (13)]
  8486 | D:10     | Slain by an efreet

Levels and vault maps discovered:
D:1:      sevenhm_arrival_forest_fort_small_6, layout_rooms, fountainhead,
          grunt_decor_resistance
D:2:      layout_rooms
D:3:      layout_basic, mainiacjoe_overflow_paths, lemuel_crystal_altar,
          minmay_misc_feat_tiny, uniq_sigmund, uniq_robin
D:4:      layout_loops_ring, kennysheep_okawaru_gauntlet, serial_demonic,
          serial_demonic_f, serial_demonic_b, serial_demonic_a,
          serial_demonic_e, cheibrodos_sewer_entry_bend, minmay_diced_spiral
D:5:      layout_basic, minmay_temple_entry_butterflies, nrook_loot_triangle,
          minmay_ruined_shrine, uniq_pikel, uniq_ijyb, uniq_edmund,
          uniq_crazy_yiuf_cottage
D:6:      layout_rooms, uniq_grinder
D:7:      layout_loops_ring, jmf_multi_god_temple, uniq_maggie
D:8:      layout_basic, doesnt_xom_only_xom, grunt_gozag_breadcrumbs
D:9:      layout_loops_ring, nicolae_ru_awakened_eye
D:10:     layout_rooms, mainiacjoe_overflow_chevrons, minmay_radiant,
          uniq_josephine, uniq_nergalle, uniq_snorg

Skill      XL: |  1  2  3  4  5  6  7  8  9 10 11 |
---------------+----------------------------------+-----
Ranged Weapons | 4 6 8 9 10 11 12 | 12.9
Fighting       | 4 5 7 8 |  8.1
Dodging        | 2 4 5 |  5.0
Invocations    | 2 4 |  4.0
Armour         | 1 2 |  2.0
Stealth        | |  1.5

Action                     |  1- 3 |  4- 6 |  7- 9 | 10-12 || total
---------------------------+-------+-------+-------+-------++-------
   Fire: Shortbow          |    80 |    54 |   270 |    91 ||   495
         Orcbow            |       |       |       |   159 ||   159
 Invoke: Heroism           |       |       |     9 |    12 ||    21
Ability: Spit Poison       |    26 |    20 |    60 |    40 ||   146
    Use: Scroll            |     9 |     2 |     7 |     3 ||    21
         Potion            |     2 |     1 |     4 |       ||     7
 Armour: Leather armour    |     6 |     9 |    27 |       ||    42
         Steam dragon scal |       |       |       |    28 ||    28
         Troll leather arm |       |       |       |    10 ||    10
  Dodge: Dodged            |    10 |    15 |    78 |   149 ||   252
  Block: Other             |       |     5 |    27 |    44 ||    76
         Reflection        |       |       |       |     3 ||     3

Table legend:
 A = Non-vault XP
 B = Vault XP
 C = Vault XP percentage of total XP
 D = Non-vault monster count
 E = Vault monster count
 F = Vault count percentage of total count
                 A         B        C        D         E       F
            +---------+---------+-------+---------+---------+-------
      Total |    7246 |    4981 |  40.7 |     160 |      51 |  24.2
            +---------+---------+-------+---------+---------+-------
        D:1 |      32 |       0 |   0.0 |      20 |       0 |   0.0
        D:2 |      23 |       0 |   0.0 |      10 |       0 |   0.0
        D:3 |      56 |     270 |  82.8 |      15 |      14 |  48.3
        D:4 |     432 |    1039 |  70.6 |      20 |      20 |  50.0
        D:5 |     583 |     244 |  29.5 |      17 |       5 |  22.7
        D:6 |     337 |     254 |  43.0 |       8 |       1 |  11.1
        D:7 |    1014 |     799 |  44.1 |      13 |       3 |  18.8
        D:8 |    1563 |       0 |   0.0 |      28 |       0 |   0.0
        D:9 |    2664 |       0 |   0.0 |      27 |       0 |   0.0
       D:10 |     542 |    2375 |  81.4 |       2 |       8 |  80.0
            +---------+---------+-------+---------+---------+-------
